Workbook
Name Print_Titles: Лист1!$8:$11

Sheet Лист1
S1: Приложение к письму
S2: Департамента финансов Томской области
S3: от .06.2024 №50-02/18-
A5: Информация о плановых ассигнованиях и кассовом исполнении расходов консолидированного бюджета Томской области на реализацию региональных проектов Томской области по состоянию на 01.01.2026 года
U7: (тыс. рублей)
A8: № п/п | B8: Наименование | C8: Код ГРБС | D8: Наименование ГРБС | E8: Код целевой статьи областного бюджета | F8: 2025 год | N8: 2026 год | R8: 2027 год | V8: % исполнения
F9: Плановые ассигнования*, в том числе | J9: Кассовое исполнение, в том числе | N9: Плановые ассигнования*, в том числе | R9: Плановые ассигнования*, в том числе
F10: ИТОГО | G10: за счет средств областного бюджета | H10: за счет средств федерального бюджета | I10: за счет средств местных бюджетов** | J10: ИТОГО | K10: за счет средств областного бюджета | L10: за счет средств федерального бюджета | M10: за счет средств местных бюджетов** | N10: ИТОГО | O10: за счет средств областного бюджета | P10: за счет средств федерального бюджета | Q10: за счет средств местных бюджетов | R10: ИТОГО | S10: за счет средств областного бюджета | T10: за счет средств федерального бюджета | U10: за счет средств местных бюджетов
A11: 1 | B11: 2 | C11: 3 | D11: 4 | E11: 5 | F11: 6 | G11: 7 | H11: 8 | I11: 9 | J11: 10 | K11: 11 | L11: 12 | M11: 13 | N11: 10 | O11: 11 | P11: 12 | Q11: 13 | R11: 14 | S11: 15 | T11: 16 | U11: 17 | V11: 22
B12: ВСЕГО: | F12: =G12+H12+I12 -> 16912641 | G12: =G13+G24+G64+G91+G98+G105+G134+G167+G176+G181+G186+G194 -> 5655829.9 | H12: =H13+H24+H64+H91+H98+H105+H134+H167+H176+H181+H186+H194 -> 10626530 | I12: =I13+I24+I64+I91+I98+I105+I134+I167+I176+I181+I186+I194 -> 630281.8 | J12: =K12+L12+M12 -> 16062462 | K12: =K13+K24+K64+K91+K98+K105+K134+K167+K176+K181+K186+K194 -> 5292087.3 | L12: =L13+L24+L64+L91+L98+L105+L134+L167+L176+L181+L186+L194 -> 10171801 | M12: =M13+M24+M64+M91+M98+M105+M134+M167+M176+M181+M186+M194 -> 598573.8 | N12: =O12+P12+Q12 -> 16587714 | O12: =O13+O24+O64+O91+O98+O105+O134+O167+O176+O181+O186+O194 -> 4600817.1 | P12: =P13+P24+P64+P91+P98+P105+P134+P167+P176+P181+P186+P194 -> 11778082 | Q12: =Q13+Q24+Q64+Q91+Q98+Q105+Q134+Q167+Q176+Q181+Q186+Q194 -> 208814.3 | R12: =S12+T12+U12 -> 12532780 | S12: =S13+S24+S64+S91+S98+S105+S134+S167+S176+S181+S186+S194 -> 3036963.8 | T12: =T13+T24+T64+T91+T98+T105+T134+T167+T176+T181+T186+T194 -> 9379048.7 | U12: =U13+U24+U64+U91+U98+U105+U134+U167+U176+U181+U186+U194 -> 116767.4 | V12: =J12/F12 -> 0.95
A13: 1 | B13: Национальный проект "Кадры" | C13: Х | D13: Х | E13: Х | F13: =G13+H13+I13 -> 430491.9 | G13: =G15+G21+G18 -> 8609.9 | H13: =H15+H21+H18 -> 421882 | I13: =I15+I21+I18 -> 0 | J13: =K13+L13+M13 -> 430466.7 | K13: =K15+K18+K21 -> 8609.4 | L13: =L15+L18+L21 -> 421857.3 | M13: =M15+M18+M21 -> 0 | N13: =O13+P13+Q13 -> 23426.6 | O13: =O15+O21+O18 -> 468.6 | P13: =P15+P21+P18 -> 22958 | Q13: =Q15+Q21+Q18 -> 0 | R13: =S13+T13+U13 -> 22652 | S13: =S15+S21+S18 -> 453.1 | T13: =T15+T21+T18 -> 22198.9 | U13: =U15+U21+U18 -> 0 | V13: =J13/F13 -> 1
B14: из них
A15: 1.1 | B15: Региональный проект "Управление рынком труда" | C15: Х | D15: Х | E15: Х | F15: =G15+H15+I15 -> 411022.9 | G15: =SUM(G17:G17) -> 8220.5 | H15: =SUM(H17:H17) -> 402802.4 | I15: =SUM(I17:I17) -> 0 | J15: =K15+L15+M15 -> 411022.9 | K15: =K17 -> 8220.5 | L15: =L17 -> 402802.4 | M15: =M17 -> 0 | N15: =O15+P15+Q15 -> 0 | O15: =SUM(O17:O17) -> 0 | P15: =SUM(P17:P17) -> 0 | Q15: =SUM(Q17:Q17) -> 0 | R15: =S15+T15+U15 -> 0 | S15: =SUM(S17:S17) -> 0 | T15: =SUM(T17:T17) -> 0 | U15: =SUM(U17:U17) -> 0 | V15: =J15/F15 -> 1
B16: из них
B17: Повышение эффективности службы занятости | C17: 839 | D17: Департамент труда и занятости населения Томской области | E17: 05WЛ152910 | F17: =G17+H17+I17 -> 411022.9 | G17: 8220.5 | H17: 402802.4 | J17: =K17+L17+M17 -> 411022.9 | K17: 8220.5 | L17: 402802.38 | N17: =O17+P17+Q17 -> 0 | R17: =S17+T17+U17 -> 0 | V17: =J17/F17 -> 1
A18: 1.2 | B18: Региональный проект "Образование для рынка труда" | F18: =G18+H18+I18 -> 7698.7 | G18: =SUM(G20:G20) -> 154 | H18: =SUM(H20:H20) -> 7544.7 | I18: =SUM(I20:I20) -> 0 | J18: =K18+L18+M18 -> 7673.5 | K18: =K20 -> 153.5 | L18: =L20 -> 7519.98 | M18: =M20 -> 0 | N18: =O18+P18+Q18 -> 10426.6 | O18: =SUM(O20:O20) -> 208.6 | P18: =SUM(P20:P20) -> 10218 | Q18: =SUM(Q20:Q20) -> 0 | R18: =S18+T18+U18 -> 9652 | S18: =SUM(S20:S20) -> 193.1 | T18: =SUM(T20:T20) -> 9458.9 | U18: =SUM(U20:U20) -> 0 | V18: =J18/F18 -> 0.997
B19: из них
B20: Организация профессионального обучения и дополнительного профессионального образования работников организаций оборонно-промышленного комплекса | C20: 839 | D20: Департамент труда и занятости населения Томской области | E20: 05WЛ252920 | F20: =G20+H20+I20 -> 7698.7 | G20: 153.97 | H20: 7544.7 | I20: 0 | J20: =K20+L20+M20 -> 7673.5 | K20: 153.5 | L20: 7519.98 | M20: 0 | N20: =O20+P20+Q20 -> 10426.6 | O20: 208.6 | P20: 10218 | Q20: 0 | R20: =S20+T20+U20 -> 9652 | S20: 193.1 | T20: 9458.9 | U20: 0 | V20: =J20/F20 -> 0.997
A21: 1.3 | B21: Региональный проект "Человек труда" | C21: Х | D21: Х | E21: Х | F21: =G21+H21+I21 -> 11770.3 | G21: =SUM(G23:G23) -> 235.4 | H21: =SUM(H23:H23) -> 11534.9 | I21: =SUM(I23:I23) -> 0 | J21: =K21+L21+M21 -> 11770.3 | K21: =SUM(K23:K23) -> 235.4 | L21: =SUM(L23:L23) -> 11534.9 | M21: =SUM(M23:M23) -> 0 | N21: =O21+P21+Q21 -> 13000 | O21: =SUM(O23:O23) -> 260 | P21: =SUM(P23:P23) -> 12740 | Q21: =SUM(Q23:Q23) -> 0 | R21: =S21+T21+U21 -> 13000 | S21: =SUM(S23:S23) -> 260 | T21: =SUM(T23:T23) -> 12740 | U21: =SUM(U23:U23) -> 0 | V21: =J21/F21 -> 1
B22: из них
B23: Организация федеральных этапов Всероссийского конкурса профессионального мастерства "Лучший по профессии" | C23: 839 | D23: Департамент труда и занятости населения Томской области | E23: 05WЛ455700 | F23: =G23+H23+I23 -> 11770.3 | G23: 235.41 | H23: 11534.92 | J23: =K23+L23+M23 -> 11770.3 | K23: 235.4 | L23: 11534.92 | N23: =O23+P23+Q23 -> 13000 | O23: 260 | P23: 12740 | R23: =S23+T23+U23 -> 13000 | S23: 260 | T23: 12740 | V23: =J23/F23 -> 1
A24: 2 | B24: Национальный проект "Продолжительная и активная жизнь" | C24: Х | D24: Х | E24: Х | F24: =G24+H24+I24 -> 2882081.4 | G24: =G25+G29+G32+G35+G40+G55+G58+G61 -> 1496765 | H24: =H25+H29+H32+H35+H40+H55+H58+H61 -> 1385316.4 | I24: =I25+I29+I32+I35+I40+I55+I58+I61 -> 0 | J24: =K24+L24+M24 -> 2610329.7 | K24: =K25+K29+K32+K35+K40+K55+K58+K61 -> 1353747 | L24: =L25+L29+L32+L35+L40+L55+L58 -> 1256582.7 | M24: =M25+M29+M32+M35+M40+M55+M58 -> 0 | N24: =O24+P24+Q24 -> 1302213.4 | O24: =O25+O29+O32+O35+O40+O55+O58+O61 -> 874648.8 | P24: =P25+P29+P32+P35+P40+P55+P58+P61 -> 427564.6 | Q24: =Q25+Q29+Q32+Q35+Q40+Q55+Q58+Q61 -> 0 | R24: =S24+T24+U24 -> 742463.1 | S24: =S25+S29+S32+S35+S40+S55+S58+S61 -> 294721 | T24: =T25+T29+T32+T35+T40+T55+T58+T61 -> 447742.1 | U24: =U25+U29+U32+U35+U40+U55+U58+U61 -> 0 | V24: =J24/F24 -> 0.906
A25: 2.1 | B25: Региональный проект "Совершенствование экстренной медицинской помощи" | C25: Х | D25: Х | E25: Х | F25: =G25+H25+I25 -> 467142.5 | G25: =SUM(G27:G28) -> 342664.3 | H25: =SUM(H27:H28) -> 124478.2 | I25: =SUM(I27:I28) -> 0 | J25: =K25+L25+M25 -> 467142.5 | K25: =SUM(K27:K28) -> 342664.3 | L25: =SUM(L27:L28) -> 124478.2 | M25: =SUM(M27:M28) -> 0 | N25: =O25+P25+Q25 -> 459754 | O25: =SUM(O27:O28) -> 315058.1 | P25: =SUM(P27:P28) -> 144695.9 | Q25: =SUM(Q27:Q28) -> 0 | R25: =S25+T25+U25 -> 454993.2 | S25: =SUM(S27:S28) -> 288971.6 | T25: =SUM(T27:T28) -> 166021.6 | U25: =SUM(U27:U28) -> 0 | V25: =J25/F25 -> 1
B26: из них
B27: Обеспечение закупки авиационных работ в целях оказания медицинской помощи | C27: 811 | D27: Департамент здравоохранения Томской области | E27: 07WД655540 | F27: =G27+H27+I27 -> 309689.6 | G27: 185211.4 | H27: 124478.2 | J27: =SUM(K27:M27) -> 309689.6 | K27: 185211.4 | L27: 124478.2 | N27: =O27+P27+Q27 -> 376884.2 | O27: 232188.3 | P27: 144695.9 | R27: =S27+T27+U27 -> 448571.7 | S27: 282550.1 | T27: 166021.6 | V27: =J27/F27 -> 1
B28: Оказание медицинской помощи с применением санитарной авиации | C28: 811 | D28: Департамент здравоохранения Томской области | E28: 07WД6Д5540 | F28: =G28+H28+I28 -> 157452.9 | G28: 157452.9 | H28: 0 | J28: =SUM(K28:M28) -> 157452.9 | K28: 157452.9 | L28: 0 | N28: =O28+P28+Q28 -> 82869.8 | O28: 82869.8 | P28: 0 | R28: =S28+T28+U28 -> 6421.5 | S28: 6421.5 | T28: 0 | V28: =J28/F28 -> 1
A29: 2.2 | B29: Региональный проект "Борьба с сердечно-сосудистыми заболеваниями", всего | C29: Х | D29: Х | E29: Х | F29: =G29+H29+I29 -> 71208.2 | G29: =SUM(G31:G31) -> 1424.2 | H29: =SUM(H31:H31) -> 69784 | I29: =SUM(I31:I31) -> 0 | J29: =K29+L29+M29 -> 71208.2 | K29: =SUM(K31:K31) -> 1424.2 | L29: =SUM(L31:L31) -> 69784 | M29: =SUM(M31:M31) -> 0 | N29: =O29+P29+Q29 -> 70621.5 | O29: =SUM(O31:O31) -> 1412.4 | P29: =SUM(P31:P31) -> 69209.1 | Q29: =SUM(Q31:Q31) -> 0 | R29: =S29+T29+U29 -> 71710.5 | S29: =SUM(S31:S31) -> 1434.2 | T29: =SUM(T31:T31) -> 70276.3 | U29: =SUM(U31:U31) -> 0 | V29: =J29/F29 -> 1
B30: из них
B31: Обеспечение профилактики развития сердечно-сосудистых заболеваний и сердечно-сосудистых осложнений у пациентов высокого риска, находящихся на диспансерном наблюдении | C31: 811 | D31: Департамент здравоохранения Томской области | E31: 07WД255860 | F31: =G31+H31+I31 -> 71208.2 | G31: 1424.2 | H31: 69784 | J31: =SUM(K31:M31) -> 71208.2 | K31: 1424.2 | L31: 69784 | N31: =O31+P31+Q31 -> 70621.5 | O31: 1412.4 | P31: 69209.1 | R31: =S31+T31+U31 -> 71710.5 | S31: 1434.2 | T31: 70276.3 | V31: =J31/F31 -> 1
A32: 2.3 | B32: Региональный проект "Борьба с гепатитом С и минимизация рисков распространения данного заболевания" | C32: Х | D32: Х | E32: Х | F32: =G32+H32+I32 -> 28691.6 | G32: =SUM(G34:G34) -> 573.8 | H32: =SUM(H34:H34) -> 28117.8 | I32: =SUM(I34:I34) -> 0 | J32: =SUM(J34:J34) -> 28580.1 | K32: =SUM(K34:K34) -> 571.6 | L32: =SUM(L34:L34) -> 28008.5 | M32: =SUM(M34:M34) -> 0 | N32: =SUM(N34:N34) -> 29169.6 | ... U32: =SUM(U34:U34) -> 0 | V32: =J32/F32 -> 0.996
B33: из них
B34: Реализация мероприятий по обеспечению в амбулаторных условиях противовирусными лекарственными препаратами лиц, находящихся под диспансерным наблюдением, с диагнозом "хронический вирусный гепатит C" | C34: 811 | D34: Департамент здравоохранения Томской области | E34: 07WД552140 | F34: =G34+H34+I34 -> 28691.6 | G34: 573.8 | H34: 28117.8 | J34: =K34+L34+M34 -> 28580.1 | K34: 571.6 | L34: 28008.5 | N34: =O34+P34+Q34 -> 29169.6 | O34: 583.4 | P34: 28586.2 | R34: =S34+T34+U34 -> 29735.1 | S34: 594.7 | T34: 29140.4 | V34: =J34/F34 -> 0.996
A35: 2.4 | B35: Региональный проект "Борьба с сахарным диабетом" | C35: Х | D35: Х | E35: Х | F35: =G35+H35+I35 -> 48569.3 | G35: =SUM(G37:G39) -> 971.4 | H35: =SUM(H37:H39) -> 47597.9 | I35: =SUM(I37:I39) -> 0 | J35: =K35+L35+M35 -> 48569.2 | K35: =K39+K37+K38 -> 971.4 | L35: =L39+L37+L38 -> 47597.8 | M35: =M39+M37+M38 -> 0 | N35: =O35+P35+Q35 -> 107480.6 | O35: =SUM(O37:O39) -> 2149.6 | P35: =SUM(P37:P39) -> 105331 | Q35: =SUM(Q37:Q39) -> 0 | R35: =S35+T35+U35 -> 97770.5 | S35: =SUM(S37:S39) -> 1955.4 | T35: =SUM(T37:T39) -> 95815.1 | U35: =SUM(U37:U39) -> 0 | V35: =J35/F35 -> 1
B36: из них
B37: Обеспечение детей с сахарным диабетом 1 типа в возрасте от 2-х до 17-ти лет включительно системами непрерывного мониторинга глюкозы | C37: 811 | D37: Департамент здравоохранения Томской области | E37: 07WД451070 | F37: =G37+H37+I37 -> 42489.2 | G37: 849.8 | H37: 41639.4 | J37: =K37+L37+M37 -> 42489.2 | K37: 849.8 | L37: 41639.4 | N37: =O37+P37+Q37 -> 44239.8 | O37: 884.8 | P37: 43355 | R37: =S37+T37+U37 -> 45989.4 | S37: 919.8 | T37: 45069.6 | V37: =J37/F37 -> 1
B38: Обеспечение беременных женщин с сахарным диабетом системами непрерывного мониторинга глюкозы | C38: 811 | D38: Департамент здравоохранения Томской области | E38: 07WД451520 | F38: =G38+H38+I38 -> 6080.1 | G38: 121.59 | H38: 5958.5 | J38: =K38+L38+M38 -> 6080 | K38: 121.6 | L38: 5958.4 | N38: =O38+P38+Q38 -> 52788.8 | O38: 1055.8 | P38: 51733 | R38: =S38+T38+U38 -> 51781.1 | S38: 1035.6 | T38: 50745.5 | V38: =J38/F38 -> 1
B39: Оснащение региональных, межрайонных (районных) центров, оказывающих медицинскую помощь больным с нарушениями углеводного обмена и сахарным диабетом | C39: 811 | D39: Департамент здравоохранения Томской области | E39: 07WД451580 | F39: =G39+H39+I39 -> 0 | G39: 0 | H39: 0 | J39: =SUM(K39:M39) -> 0 | K39: 0 | L39: 0 | N39: =O39+P39+Q39 -> 10452 | O39: 209 | P39: 10243 | R39: =S39+T39+U39 -> 0 | S39: 0 | V39: =J39/F39 -> #DIV/0!
A40: 2.5 | B40: Региональный проект "Модернизация первичного звена здравоохранения Российской Федерации" | C40: Х | D40: Х | E40: Х | F40: =G40+H40+I40 -> 2238975 | G40: =SUM(G42:G54) -> 1150581.4 | H40: =SUM(H42:H54) -> 1088393.6 | I40: =SUM(I42:I54) -> 0 | J40: =K40+L40+M40 -> 1967334.9 | K40: =SUM(K42:K54) -> 1007565.6 | L40: =SUM(L42:L54) -> 959769.3 | M40: =SUM(M42:M54) -> 0 | N40: =O40+P40+Q40 -> 555259.1 | O40: =SUM(O42:O54) -> 555259.1 | P40: =SUM(P42:P54) -> 0 | Q40: =SUM(Q42:Q54) -> 0 | R40: =S40+T40+U40 -> 0 | S40: =SUM(S42:S54) -> 0 | T40: =SUM(T42:T54) -> 0 | U40: =SUM(U42:U54) -> 0 | V40: =J40/F40 -> 0.879
B41: из них
B42: Реализация региональных проектов модернизации первичного звена здравоохранения (капитальный ремонт зданий медицинских организаций) | C42: 821 | D42: Департамент строительства Томской области | E42: 07WД153651 | F42: =G42+H42+I42 -> 266693.5 | G42: 11271.86 | H42: 255421.68 | J42: =SUM(K42:M42) -> 147530.5 | K42: 6236.6 | L42: 141293.9 | N42: =O42+P42+Q42 -> 0 | O42: 0 | P42: 0 | R42: =S42+T42+U42 -> 0 | S42: 0 | T42: 0 | V42: =J42/F42 -> 0.553
B43: Реализация региональных проектов модернизации первичного звена здравоохранения (оснащение автомобильным транспортом медицинских организаций) | C43: 811 | D43: Департамент здравоохранения Томской области | E43: 07WД153652 | F43: =G43+H43+I43 -> 36158.6 | G43: 1528.54 | H43: 34630.1 | J43: =SUM(K43:M43) -> 36158.6 | K43: 1528.5 | L43: 34630.1 | N43: =O43+P43+Q43 -> 0 | O43: 0 | P43: 0 | R43: =S43+T43+U43 -> 0 | S43: 0 | T43: 0 | V43: =J43/F43 -> 1
B44: Реализация региональных проектов модернизации первичного звена здравоохранения (приведение материально-технической базы медицинских организаций в соответствие с требованиями порядков оказания медицинской помощи, их дооснащение и переоснащение оборудованием для оказания медицинской помощи) | C44: 811 | D44: Департамент здравоохранения Томской области | E44: 07WД153653 | F44: =G44+H44+I44 -> 19413.2 | G44: 820.6 | H44: 18592.6 | J44: =SUM(K44:M44) -> 19413.2 | K44: 820.6 | L44: 18592.6 | N44: =O44+P44+Q44 -> 0 | R44: =S44+T44+U44 -> 0 | V44: =J44/F44 -> 1
B45: Реализация региональных проектов модернизации первичного звена здравоохранения (приобретение быстровозводимых модульных конструкций врачебных амбулаторий, центров (отделений) общей врачебной практики (семейной медицины), фельдшерско-акушерских пунктов, фельдшерских здравпунктов медицинских организаций, получивших лицензию на осуществление медицинской деятельности) | C45: 811 | D45: Департамент здравоохранения Томской области | E45: 07WД153654 | F45: =G45+H45+I45 -> 0 | G45: 0 | H45: 0 | J45: =SUM(K45:M45) -> 0 | K45: 0 | N45: =O45+P45+Q45 -> 0 | R45: =S45+T45+U45 -> 0 | V45: =J45/F45 -> #DIV/0!
B46: Реализация региональных проектов модернизации первичного звена здравоохранения (реализация национальных проектов в части расходов инвестиционного характера за счет средств, высвобождаемых в результате списания задолженности областного бюджета по бюджетным кредитам, предоставляемым из федерального бюджета) | C46: 811 | D46: Департамент здравоохранения Томской области | E46: 07WД15365Р | F46: =G46+H46+I46 -> 32639.2 | G46: 1379.8 | H46: 31259.4 | J46: =SUM(K46:M46) -> 32639.2 | K46: 1379.8 | L46: 31259.4 | N46: =O46+P46+Q46 -> 0 | R46: =S46+T46+U46 -> 0 | V46: =J46/F46 -> 1
B47: Реализация региональных проектов модернизации первичного звена здравоохранения (реализация национальных проектов в части расходов инвестиционного характера за счет средств, высвобождаемых в результате списания задолженности областного бюджета по бюджетным кредитам, предоставляемым из федерального бюджета) | C47: 821 | D47: Департамент строительства Томской области | E47: 07WД15365Р | F47: =G47+H47+I47 -> 781527.6 | G47: 33037.8 | H47: 748489.8 | J47: =SUM(K47:M47) -> 766391.2 | K47: 32397.9 | L47: 733993.3 | N47: =O47+P47+Q47 -> 0 | O47: 0 | R47: =S47+T47+U47 -> 0 | V47: =J47/F47 -> 0.981
B48: Реализация региональных проектов модернизации первичного звена здравоохранения в части средств, несофинансируемых из федерального бюджета (капитальный ремонт зданий медицинских организаций) | C48: 821 | D48: Департамент строительства Томской области | E48: 07WД1А3651 | F48: =G48+H48+I48 -> 116236.2 | G48: 116236.18 | H48: 0 | J48: =SUM(K48:M48) -> 98121.6 | K48: 98121.6 | L48: 0 | N48: =O48+P48+Q48 -> 0 | R48: =S48+T48+U48 -> 0 | V48: =J48/F48 -> 0.844
B49: Реализация региональных проектов модернизации первичного звена здравоохранения в части средств, несофинансируемых из федерального бюджета (капитальный ремонт зданий медицинских организаций) | C49: 844 | D49: Комитет по охране объектов культурного наследия Томской области | E49: 07WД1А3651 | F49: =G49+H49+I49 -> 67970.5 | G49: 67970.5 | H49: 0 | J49: =SUM(K49:M49) -> 67947.7 | K49: 67947.7 | L49: 0 | N49: =O49+P49+Q49 -> 0 | O49: 0 | P49: 0 | R49: =S49+T49+U49 -> 0 | S49: 0 | T49: 0 | V49: =J49/F49 -> 1
B50: Реализация региональных проектов модернизации первичного звена здравоохранения в части средств, несофинансируемых из федерального бюджета (оснащение автомобильным транспортом медицинских организаций) | C50: 811 | D50: Департамент здравоохранения Томской области | E50: 07WД1А3652 | F50: =G50+H50+I50 -> 5184.8 | G50: 5184.8 | H50: 0 | J50: =SUM(K50:M50) -> 5184.8 | K50: 5184.8 | L50: 0 | N50: =O50+P50+Q50 -> 0 | O50: 0 | P50: 0 | R50: =S50+T50+U50 -> 0 | S50: 0 | T50: 0 | V50: =J50/F50 -> 1
B51: Реализация региональных проектов модернизации первичного звена здравоохранения в части средств, несофинансируемых из федерального бюджета (приведение материально-технической базы медицинских организаций в соответствие с требованиями порядков оказания медицинской помощи, их дооснащение и переоснащение оборудованием для оказания медицинской помощи) | C51: 811 | D51: Департамент здравоохранения Томской области | E51: 07WД1А3653 | F51: =G51+H51+I51 -> 1866.8 | G51: 1866.8 | H51: 0 | J51: =SUM(K51:M51) -> 1866.8 | K51: 1866.8 | L51: 0 | N51: =O51+P51+Q51 -> 0 | R51: =S51+T51+U51 -> 0 | V51: =J51/F51 -> 1
B52: Реализация региональных проектов модернизации первичного звена здравоохранения в части средств, несофинансируемых из федерального бюджета (строительство объектов капитального строительства медицинских организаций) | C52: 811 | D52: Департамент здравоохранения Томской области | E52: 07WД1А365И | F52: =G52+H52+I52 -> 0 | G52: 0 | H52: 0 | J52: =SUM(K52:M52) -> 0 | N52: =O52+P52+Q52 -> 0 | O52: 0 | P52: 0 | R52: =S52+T52+U52 -> 0 | V52: =J52/F52 -> #DIV/0!
B53: Реализация региональных проектов модернизации первичного звена здравоохранения в части средств, несофинансируемых из федерального бюджета (реализация национальных проектов в части расходов инвестиционного характера за счет средств, высвобождаемых в результате списания задолженности областного бюджета по бюджетным кредитам, предоставляемым из федерального бюджета) | C53: 811 | D53: Департамент здравоохранения Томской области | E53: 07WД1А365Р | F53: =G53+H53+I53 -> 360251.9 | G53: 360251.91 | H53: 0 | J53: =SUM(K53:M53) -> 321645.4 | K53: =178591+143054.4 -> 321645.4 | L53: 0 | N53: =O53+P53+Q53 -> 424785.1 | O53: 424785.1 | R53: =S53+T53+U53 -> 0 | V53: =J53/F53 -> 0.893
B54: Реализация региональных проектов модернизации первичного звена здравоохранения в части средств, несофинансируемых из федерального бюджета (реализация национальных проектов в части расходов инвестиционного характера за счет средств, высвобождаемых в результате списания задолженности областного бюджета по бюджетным кредитам, предоставляемым из федерального бюджета) | C54: 821 | D54: Департамент строительства Томской области | E54: 07WД1А365Р | F54: =G54+H54+I54 -> 551032.6 | G54: 551032.63 | H54: 0 | J54: =SUM(K54:M54) -> 470435.9 | K54: =422648.5+47787.4 -> 470435.9 | L54: 0 | N54: =O54+P54+Q54 -> 130474 | O54: 130474 | P54: 0 | R54: =S54+T54+U54 -> 0 | S54: 0 | T54: 0 | V54: =J54/F54 -> 0.854
A55: 2.6 | B55: Региональный проект "Оптимальная для восстановления здоровья медицинская реабилитация" | C55: Х | D55: Х | E55: Х | F55: =G55+H55+I55 -> 25705.8 | G55: =G57 -> 514.1 | H55: =H57 -> 25191.7 | I55: =I57 -> 0 | J55: =SUM(K55:M55) -> 25705.8 | K55: =K57 -> 514.1 | L55: =L57 -> 25191.7 | M55: =M57 -> 0 | N55: =O55+P55+Q55 -> 7463.3 | O55: =O57 -> 149.3 | P55: =P57 -> 7314 | Q55: =Q57 -> 0 | R55: =S55+T55+U55 -> 86769.8 | S55: =S57 -> 1735.4 | T55: =T57 -> 85034.4 | U55: =U57 -> 0 | V55: =J55/F55 -> 1
B56: из них
B57: Оснащение (дооснащение и (или) переоснащение) медицинскими изделиями медицинских организаций, имеющих в своей структуре подразделения, оказывающие медицинскую помощь по медицинской реабилитации | C57: 811 | D57: Департамент здравоохранения Томской области | E57: 07WД757520 | F57: =G57+H57+I57 -> 25705.8 | G57: 514.1 | H57: 25191.7 | J57: =SUM(K57:M57) -> 25705.8 | K57: 514.1 | L57: 25191.69 | N57: =O57+P57+Q57 -> 7463.3 | O57: 149.3 | P57: 7314 | R57: =S57+T57+U57 -> 86769.8 | S57: 1735.4 | T57: 85034.4 | V57: =J57/F57 -> 1
A58: 2.7 | B58: Региональный проект "Здоровье для каждого" | C58: Х | D58: Х | E58: Х | F58: =G58+H58+I58 -> 1789 | G58: =G60 -> 35.8 | H58: =H60 -> 1753.2 | I58: =I60 -> 0 | J58: =SUM(K58:M58) -> 1789 | K58: =K60 -> 35.8 | L58: =L60 -> 1753.2 | M58: =M60 -> 0 | N58: =O58+P58+Q58 -> 1845 | O58: =O60 -> 36.9 | P58: =P60 -> 1808.1 | Q58: =Q60 -> 0 | R58: =S58+T58+U58 -> 1484 | S58: =S60 -> 29.7 | T58: =T60 -> 1454.3 | U58: =U60 -> 0 | V58: =J58/F58 -> 1
B59: из них
B60: Организация Центров здоровья для взрослых на базе отделений (кабинетов) медицинской профилактики в центральных районных и районных больницах, в том числе в удаленных населенных пунктах, а также оснащение (дооснащение) оборудованием для выявления и коррекции факторов риска развития хронических неинфекционных заболеваний | C60: 811 | D60: Департамент здравоохранения Томской области | E60: 07WДА55460 | F60: =G60+H60+I60 -> 1789 | G60: 35.8 | H60: 1753.2 | J60: =SUM(K60:M60) -> 1789 | K60: 35.8 | L60: 1753.2 | N60: =O60+P60+Q60 -> 1845 | O60: 36.9 | P60: 1808.1 | R60: =S60+T60+U60 -> 1484 | S60: 29.7 | T60: 1454.3 | V60: =J60/F60 -> 1
A61: 2.8 | B61: Региональный проект "Борьба с онкологическими заболеваниями" | C61: Х | D61: Х | E61: Х | F61: =G61+H61+I61 -> 0 | G61: =G63 -> 0 | H61: =H63 -> 0 | I61: =I63 -> 0 | J61: =SUM(K61:M61) -> 0 | K61: =K63 -> 0 | L61: =L63 -> 0 | M61: =M63 -> 0 | N61: =O61+P61+Q61 -> 70620.3 | O61: =O63 -> 0 | P61: =P63 -> 70620.3 | Q61: =Q63 -> 0 | R61: =S61+T61+U61 -> 0 | S61: =S63 -> 0 | T61: =T63 -> 0 | U61: =U63 -> 0 | V61: =J61/F61 -> #DIV/0!
B62: из них | F62: =G62+H62+I62 -> 0
B63: Модернизация медицинских изделий и иного оборудования, дооснащение или переоснащение медицинскими изделиями и иным оборудованием существующих и (или) новых (организуемых) структурных подразделений региональных медицинских организаций, оказывающих медицинскую помощь с применением радиологических методов (диагностики и (или) терапии) | C63: 811 | D63: Департамент здравоохранения Томской области | E63: 07WД352660 | F63: =G63+H63+I63 -> 0 | J63: =SUM(K63:M63) -> 0 | N63: =O63+P63+Q63 -> 70620.3 | O63: 0 | P63: 70620.3 | R63: =S63+T63+U63 -> 0 | V63: =J63/F63 -> #DIV/0!
A64: 3 | B64: Национальный проект "Молодежь и дети" | C64: Х | D64: Х | E64: Х | F64: =G64+H64+I64 -> 5044047.9 | G64: =G65+G78+G87 -> 951201 | H64: =H65+H78+H87 -> 4063791.3 | I64: =I65+I78+I87 -> 29055.6 | J64: =K64+L64+M64 -> 4631800.5 | K64: =K65+K78+K87 -> 760912.6 | L64: =L65+L78+L87 -> 3848821.8 | M64: =M65+M78+M87 -> 22066.1 | N64: =O64+P64+Q64 -> 5697527 | O64: =O65+O78+O87 -> 900849.2 | P64: =P65+P78+P87 -> 4688455.3 | Q64: =Q65+Q78+Q87 -> 108222.5 | R64: =S64+T64+U64 -> 3014464.6 | S64: =S65+S78+S87 -> 641078.3 | T64: =T65+T78+T87 -> 2372106.9 | U64: =U65+U78+U87 -> 1279.4 | V64: =J64/F64 -> 0.918
A65: 3.1 | B65: Региональный проект "Все лучшее детям" | C65: Х | D65: Х | E65: Х | F65: =G65+H65+I65 -> 3527302.2 | G65: =SUM(G67:G77) -> 879750.9 | H65: =SUM(H67:H77) -> 2630424.6 | I65: =SUM(I67:I77) -> 17126.7 | J65: =K65+L65+M65 -> 3122638.3 | K65: =SUM(K67:K77) -> 689462.5 | L65: =SUM(L67:L77) -> 2417053.2 | M65: =SUM(M67:M77) -> 16122.6 | N65: =O65+P65+Q65 -> 4304580.8 | O65: =SUM(O67:O77) -> 896677.1 | P65: =SUM(P67:P77) -> 3299681.2 | Q65: =SUM(Q67:Q77) -> 108222.5 | R65: =SUM(R67:R77) -> 1615197.3 | S65: =SUM(S67:S77) -> 636656.5 | T65: =SUM(T67:T77) -> 977261.4 | U65: =SUM(U67:U77) -> 1279.4 | V65: =J65/F65 -> 0.885
B66: из них
B67: Адресное строительство школ в отдельных населенных пунктах с объективно выявленной потребностью инфраструктуры (зданий) школ (реализация национальных проектов в части расходов инвестиционного характера за счет средств, высвобождаемых в результате списания задолженности областного бюджета по бюджетным кредитам, предоставляемым из федерального бюджета) | C67: 821 | D67: Департамент строительства Томской области | E67: 09WЮ45049Р | F67: =G67+H67+I67 -> 233525.6 | G67: 4665.8 | H67: 228626.3 | I67: 233.5 | J67: =K67+L67+M67 -> 233477.2 | K67: 4664.9 | L67: 228578.8 | M67: 233.5 | N67: =O67+P67+Q67 -> 558769.3 | O67: 11164.2 | P67: 547046.3 | Q67: 558.8 | R67: =S67+T67+U67 -> 513536.3 | S67: 10260.5 | T67: 502762.3 | U67: 513.5 | V67: =J67/F67 -> 1
B68: Оснащение предметных кабинетов общеобразовательных организаций средствами обучения и воспитания | C68: 816 | D68: Департамент образования Томской области | E68: 09WЮ455590 | F68: =G68+H68+I68 -> 26762.8 | G68: 535.2 | H68: 26227.6 | I68: 0 | J68: =K68+L68+M68 -> 26762.8 | K68: 535.2 | L68: 26227.6 | N68: =O68+P68+Q68 -> 0 | R68: =S68+T68+U68 -> 0 | V68: =J68/F68 -> 1
B69: Реализация мероприятий по модернизации школьных систем образования (оснащение отремонтированных зданий и (или) помещений государственных и муниципальных общеобразовательных организаций современными средствами обучения и воспитания) | C69: 816 | D69: Департамент образования Томской области | E69: 09WЮ457501 | F69: =G69+H69+I69 -> 321512.8 | G69: 35336.11 | H69: 285901.3 | I69: 275.4 | J69: =K69+L69+M69 -> 320174.6 | K69: 35189 | L69: 284711 | M69: 274.6 | N69: =O69+P69+Q69 -> 286756.2 | O69: 31516.8 | P69: 255000 | Q69: 239.4 | R69: =S69+T69+U69 -> 47771.8 | S69: 5252.8 | T69: 42500 | U69: 19 | V69: =J69/F69 -> 0.996
B70: Реализация мероприятий по модернизации школьных систем образования (проведение капитального ремонта зданий (обособленных помещений) государственных (муниципальных) общеобразовательных организаций) | C70: 821 | D70: Департамент строительства Томской области | E70: 09WЮ457502 | F70: =G70+H70+I70 -> 2294688.9 | G70: 252111.76 | H70: 2039813.4 | I70: 2763.7 | J70: =K70+L70+M70 -> 2056177.7 | K70: 225893 | L70: 1827679.8 | M70: 2604.9 | N70: =O70+P70+Q70 -> 2863856.4 | O70: 308696.5 | P70: 2497634.9 | Q70: 57525 | R70: =S70+T70+U70 -> 485561.3 | S70: 53393.1 | T70: 431999.1 | U70: 169.1 | V70: =J70/F70 -> 0.896
B71: Реализация мероприятий по модернизации школьных систем образования (проведение капитального ремонта зданий (обособленных помещений) государственных (муниципальных) общеобразовательных организаций) | C71: 844 | D71: Комитет по охране объектов культурного наследия Томской области | E71: 09WЮ457502 | F71: =G71+H71+I71 -> 56074.1 | G71: 6161.97 | H71: 49856 | I71: 56.1 | J71: =K71+L71+M71 -> 56074.1 | K71: 6162 | L71: 49856 | M71: 56.1 | N71: =O71+P71+Q71 -> 0 | O71: 0 | P71: 0 | Q71: 0 | R71: =S71+T71+U71 -> 0 | S71: 0 | T71: 0 | U71: 0 | V71: =J71/F71 -> 1
B72: Адресное строительство школ в отдельных населенных пунктах с объективно выявленной потребностью инфраструктуры (зданий) школ в части средств, несофинансируемых из федерального бюджета (реализация национальных проектов в части расходов инвестиционного характера за счет средств, высвобождаемых в результате списания задолженности областного бюджета по бюджетным кредитам, предоставляемым из федерального бюджета) | C72: 821 | D72: Департамент строительства Томской области | E72: 09WЮ4А049Р | F72: =G72+H72+I72 -> 142788.3 | G72: 142645.49 | H72: 0 | I72: 142.8 | J72: =K72+L72+M72 -> 142788.3 | K72: 142645.5 | L72: 0 | M72: 142.8 | N72: =O72+P72+Q72 -> 437713.7 | O72: 437276 | P72: 0 | Q72: 437.7 | R72: =S72+T72+U72 -> 568318.3 | S72: 567750 | T72: 0 | U72: 568.3 | V72: =J72/F72 -> 1
B73: Реализация мероприятий по модернизации школьных систем образования в части средств, несофинансируемых из федерального бюджета (оснащение отремонтированных зданий и (или) помещений государственных и муниципальных общеобразовательных организаций современными средствами обучения и воспитания) | C73: 816 | D73: Департамент образования Томской области | E73: 09WЮ4А7501 | F73: =G73+H73+I73 -> 9560.1 | G73: 9550.6 | H73: 0 | I73: 9.5 | J73: =K73+L73+M73 -> 9560.1 | K73: 9550.6 | L73: 0 | M73: 9.5 | N73: =O73+P73+Q73 -> 9.5 | O73: 0 | P73: 0 | Q73: 9.5 | R73: =S73+T73+U73 -> 9.5 | S73: 0 | T73: 0 | U73: 9.5 | V73: =J73/F73 -> 1
B74: Реализация мероприятий по модернизации школьных систем образования в части средств, несофинансируемых из федерального бюджета (проведение капитального ремонта зданий (обособленных помещений) государственных (муниципальных) общеобразовательных организаций) | C74: 821 | D74: Департамент строительства Томской области | E74: 09WЮ4А7502 | F74: =G74+H74+I74 -> 354049 | G74: 348999.31 | H74: 0 | I74: 5049.7 | J74: =K74+L74+M74 -> 190121.7 | K74: =162212+22865.6 -> 185077.6 | L74: 0 | M74: 5044.1 | N74: =O74+P74+Q74 -> 39083.3 | O74: 0.1 | P74: 0 | Q74: 39083.2 | R74: =S74+T74+U74 -> 0.1 | S74: 0.1 | T74: 0 | V74: =J74/F74 -> 0.537
B75: Реализация мероприятий по модернизации школьных систем образования в части средств, несофинансируемых из федерального бюджета (проведение капитального ремонта зданий (обособленных помещений) государственных (муниципальных) общеобразовательных организаций) | C75: 844 | D75: Комитет по охране объектов культурного наследия Томской области | E75: 09WЮ4А7502 | F75: =G75+H75+I75 -> 177.3 | G75: 177.3 | H75: 0 | J75: =K75+L75+M75 -> 177.3 | K75: 177.3 | L75: 0 | N75: =O75+P75+Q75 -> 0 | R75: =S75+T75+U75 -> 0 | V75: =J75/F75 -> 1
B76: Повышение квалификации школьных команд общеобразовательных организаций | C76: 816 | D76: Департамент образования Томской области | E76: 09WЮ4А7503 | F76: =G76+H76+I76 -> 1326.1 | G76: 1319.58 | H76: 0 | I76: 6.5 | J76: =K76+L76+M76 -> 1326.1 | K76: 1319.6 | L76: 0 | M76: 6.5 | N76: =O76+P76+Q76 -> 1020.5 | O76: 1019.7 | P76: 0 | Q76: 0.8 | R76: =S76+T76+U76 -> 0 | S76: 0 | V76: =J76/F76 -> 1
B77: Обеспечение антитеррористической защиты отремонтированных зданий общеобразовательных организаций | C77: 816 | D77: Департамент образования Томской области | E77: 09WЮ4А7504 | F77: =G77+H77+I77 -> 86837.3 | G77: 78247.8 | H77: 0 | I77: 8589.5 | J77: =K77+L77+M77 -> 85998.4 | K77: 78247.8 | L77: 0 | M77: 7750.6 | N77: =O77+P77+Q77 -> 117371.9 | O77: 107003.8 | P77: 0 | Q77: 10368.1 | R77: =S77+T77+U77 -> 0 | V77: =J77/F77 -> 0.99
A78: 3.2 | B78: Региональный проект "Педагоги и наставники" | C78: Х | D78: Х | E78: Х | F78: =G78+H78+I78 -> 1342146.1 | G78: =SUM(G80:G86) -> 2387.5 | H78: =SUM(H80:H86) -> 1339758.6 | I78: =SUM(I80:I86) -> 0 | J78: =K78+L78+M78 -> 1340548 | K78: =SUM(K80:K86) -> 2387.5 | L78: =SUM(L80:L86) -> 1338160.5 | M78: =SUM(M80:M86) -> 0 | N78: =O78+P78+Q78 -> 1392946.2 | O78: =SUM(O80:O86) -> 4172.1 | P78: =SUM(P80:P86) -> 1388774.1 | Q78: =SUM(Q80:Q86) -> 0 | R78: =S78+T78+U78 -> 1399267.3 | S78: =SUM(S80:S86) -> 4421.8 | T78: =SUM(T80:T86) -> 1394845.5 | U78: =SUM(U80:U86) -> 0 | V78: =J78/F78 -> 0.999
B79: из них
B80: Обеспечение выплат ежемесячного денежного вознаграждения советникам директоров по воспитанию и взаимодействию с детскими общественными объединениями государственных общеобразовательных организаций, профессиональных образовательных организаций субъектов Российской Федерации, города Байконура и федеральной территории "Сириус", муниципальных общеобразовательных организаций и профессиональных образовательных организаций | C80: 814 | D80: Департамент по культуре Томской области | E80: 09WЮ650500 | F80: =G80+H80+I80 -> 203.1 | G80: 0 | H80: 203.1 | J80: =K80+L80+M80 -> 203.1 | K80: 0 | L80: 203.11 | N80: =O80+P80+Q80 -> 203.1 | O80: 0 | P80: 203.1 | R80: =S80+T80+U80 -> 203.1 | S80: 0 | T80: 203.1 | V80: =J80/F80 -> 1
B81: Обеспечение выплат ежемесячного денежного вознаграждения советникам директоров по воспитанию и взаимодействию с детскими общественными объединениями государственных общеобразовательных организаций, профессиональных образовательных организаций субъектов Российской Федерации, города Байконура и федеральной территории "Сириус", муниципальных общеобразовательных организаций и профессиональных образовательных организаций | C81: 816 | D81: Департамент образования Томской области | E81: 09WЮ650500 | F81: =G81+H81+I81 -> 29967.2 | G81: 0 | H81: 29967.23 | J81: =K81+L81+M81 -> 29960.2 | K81: 0 | L81: 29960.18 | N81: =O81+P81+Q81 -> 31623 | O81: 0 | P81: 31623 | R81: =S81+T81+U81 -> 31623 | S81: 0 | T81: 31623 | V81: =J81/F81 -> 1
B82: Проведение мероприятий по обеспечению деятельности советников директора по воспитанию и взаимодействию с детскими общественными объединениями в общеобразовательных организациях | C82: 816 | D82: Департамент образования Томской области | E82: 09WЮ651790 | F82: =G82+H82+I82 -> 80880 | G82: 1617.5 | H82: 79262.5 | J82: =K82+L82+M82 -> 80880 | K82: 1617.5 | L82: 79262.5 | N82: =O82+P82+Q82 -> 82107.2 | O82: 1642.1 | P82: 80465.1 | R82: =S82+T82+U82 -> 83592.4 | S82: 1671.8 | T82: 81920.6 | V82: =J82/F82 -> 1
B83: Обеспечение реализации мероприятий по осуществлению единовременных компенсационных выплат учителям, прибывшим (переехавшим) на работу в сельские населенные пункты, либо рабочие поселки, либо поселки городского типа, либо города с населением до 50 тысяч человек | C83: 816 | D83: Департамент образования Томской области | E83: 09WЮ652560 | F83: =G83+H83+I83 -> 7000 | G83: 770 | H83: 6230 | J83: =K83+L83+M83 -> 7000 | K83: 770 | L83: 6230 | N83: =O83+P83+Q83 -> 23000 | O83: 2530 | P83: 20470 | R83: =S83+T83+U83 -> 25000 | S83: 2750 | T83: 22250 | V83: =J83/F83 -> 1
B84: Ежемесячное денежное вознаграждение за классное руководство педагогическим работникам государственных и муниципальных образовательных организаций, реализующих образовательные программы начального общего образования, образовательные программы основного общего образования, образовательные программы среднего общего образования | C84: 816 | D84: Департамент образования Томской области | E84: 09WЮ653030 | F84: =G84+H84+I84 -> 1106042.6 | G84: 0 | H84: 1106042.6 | I84: 0 | J84: =SUM(K84:M84) -> 1104601 | K84: 0 | L84: 1104601 | M84: 0 | N84: =O84+P84+Q84 -> 1134188.9 | O84: 0 | P84: 1134188.9 | R84: =S84+T84+U84 -> 1136117.3 | S84: 0 | T84: 1136117.3 | V84: =J84/F84 -> 0.999
B85: Ежемесячное денежное вознаграждение за классное руководство (кураторство) педагогическим работникам государственных образовательных организаций субъектов Российской Федерации и города Байконура, муниципальных образовательных организаций, реализующих образовательные программы среднего профессионального образования, в том числе программы профессионального обучения для лиц с ограниченными возможностями здоровья | C85: 814 | D85: Департамент по культуре Томской области | E85: 09WЮ653630 | F85: =G85+H85+I85 -> 7108.9 | G85: 0 | H85: 7108.9 | J85: =SUM(K85:M85) -> 7097.2 | K85: 0 | L85: 7097.21 | N85: =O85+P85+Q85 -> 7379.7 | O85: 0 | P85: 7379.7 | R85: =S85+T85+U85 -> 7549 | S85: 0 | T85: 7549 | V85: =J85/F85 -> 0.998
B86: Ежемесячное денежное вознаграждение за классное руководство (кураторство) педагогическим работникам государственных образовательных организаций субъектов Российской Федерации и города Байконура, муниципальных образовательных организаций, реализующих образовательные программы среднего профессионального образования, в том числе программы профессионального обучения для лиц с ограниченными возможностями здоровья | C86: 816 | D86: Департамент образования Томской области | E86: 09WЮ653630 | F86: =G86+H86+I86 -> 110944.3 | G86: 0 | H86: 110944.27 | I86: 0 | J86: =SUM(K86:M86) -> 110806.5 | K86: 0 | L86: 110806.48 | N86: =O86+P86+Q86 -> 114444.3 | O86: 0 | P86: 114444.3 | Q86: 0 | R86: =S86+T86+U86 -> 115182.5 | S86: 0 | T86: 115182.5 | U86: 0 | V86: =J86/F86 -> 0.999
A87: 3.3 | B87: Региональный проект "Россия - страна возможностей" | C87: Х | D87: Х | E87: Х | F87: =G87+H87+I87 -> 174599.6 | G87: =G90+G89 -> 69062.6 | H87: =H90+H89 -> 93608.1 | I87: =I90+I89 -> 11928.9 | J87: =SUM(K87:M87) -> 168614.2 | K87: =K90+K89 -> 69062.6 | L87: =L90+L89 -> 93608.1 | M87: =M90+M89 -> 5943.5 | N87: =O87+P87+Q87 -> 0 | O87: =O90+O89 -> 0 | P87: =P90+P89 -> 0 | Q87: =Q90+Q89 -> 0 | R87: =S87+T87+U87 -> 0 | S87: =S90+S89 -> 0 | T87: =T90+T89 -> 0 | U87: =U90+U89 -> 0 | V87: =J87/F87 -> 0.966
B88: из них
B89: Реализация программы комплексного развития молодежной политики в субъектах Российской Федерации "Регион для молодых" | C89: 848 | D89: Департамент по молодежной политике Томской области | E89: 08WЮ151160 | F89: =G89+H89+I89 -> 96001 | G89: 1910.4 | H89: 93608.1 | I89: 482.5 | J89: =SUM(K89:M89) -> 96000.9 | K89: 1910.4 | L89: 93608.1 | M89: 482.4 | N89: =O89+P89+Q89 -> 0 | R89: =S89+T89+U89 -> 0 | V89: =J89/F89 -> 1
B90: Реализация программы комплексного развития молодежной политики в субъектах Российской Федерации "Регион для молодых" в части средств, несофинансируемых из федерального бюджета | C90: 848 | D90: Департамент по молодежной политике Томской области | E90: 08WЮ1А1160 | F90: =G90+H90+I90 -> 78598.6 | G90: 67152.2 | H90: 0 | I90: 11446.4 | J90: =SUM(K90:M90) -> 72613.3 | K90: 67152.2 | L90: 0 | M90: 5461.1 | N90: =O90+P90+Q90 -> 0 | R90: =S90+T90+U90 -> 0 | V90: =J90/F90 -> 0.924
A91: 4 | B91: Национальный проект "Экономика данных и цифровая трансформация государства" | C91: Х | D91: Х | E91: Х | F91: =G91+H91+I91 -> 0 | G91: =G95+G92 -> 0 | H91: =H95+H92 -> 0 | I91: =I95+I92 -> 0 | J91: =K91+L91+M91 -> 0 | K91: =K95+K92 -> 0 | L91: =L95+L92 -> 0 | M91: =M95+M92 -> 0 | N91: =O91+P91+Q91 -> 71855.3 | O91: =O95+O92 -> 1437.1 | P91: =P95+P92 -> 70418.2 | Q91: =Q95+Q92 -> 0 | R91: =S91+T91+U91 -> 89243.1 | S91: =S95+S92 -> 1784.9 | T91: =T95+T92 -> 87458.2 | U91: =U95+U92 -> 0 | V91: =J91/F91 -> #DIV/0!
A92: 4.1 | B92: Региональный проект "Цифровые платформы в отраслях социальной сферы" | C92: Х | D92: Х | E92: Х | F92: =G92+H92+I92 -> 0 | G92: =G94 -> 0 | H92: =H94 -> 0 | I92: =I94 -> 0 | J92: =K92+L92+M92 -> 0 | K92: =K94 -> 0 | L92: =L94 -> 0 | M92: =M94 -> 0 | N92: =O92+P92+Q92 -> 58601.5 | O92: =O94 -> 1172 | P92: =P94 -> 57429.5 | Q92: =Q94 -> 0 | R92: =S92+T92+U92 -> 89243.1 | S92: =S94 -> 1784.9 | T92: =T94 -> 87458.2 | U92: =U94 -> 0 | V92: =J92/F92 -> #DIV/0!
B93: из них
B94: Формирование ИТ инфраструктуры в государственных и муниципальных образовательных организациях для обеспечения в помещениях безопасного доступа к государственным, муниципальным и иным информационным системам, а также к информационно телекоммуникационной сети "Интернет" | C94: 816 | D94: Департамент образования Томской области | E94: 09WЦ255450 | F94: =G94+H94+I94 -> 0 | J94: =K94+L94+M94 -> 0 | N94: =O94+P94+Q94 -> 58601.5 | O94: 1172 | P94: 57429.5 | R94: =S94+T94+U94 -> 89243.1 | S94: 1784.9 | T94: 87458.2 | V94: =J94/F94 -> #DIV/0!
A95: 4.2 | B95: Региональный проект "Цифровое государственное управление" | C95: Х | D95: Х | E95: Х | F95: =G95+H95+I95 -> 0 | G95: =SUM(G97:G97) -> 0 | H95: =SUM(H97:H97) -> 0 | I95: =SUM(I97:I97) -> 0 | J95: =SUM(J97:J97) -> 0 | K95: =SUM(K97:K97) -> 0 | L95: =SUM(L97:L97) -> 0 | M95: =SUM(M97:M97) -> 0 | N95: =O95+P95+Q95 -> 13253.8 | O95: =SUM(O97:O97) -> 265.1 | P95: =SUM(P97:P97) -> 12988.7 | Q95: =SUM(Q97:Q97) -> 0 | R95: =S95+T95+U95 -> 0 | S95: =SUM(S97:S97) -> 0 | T95: =SUM(T97:T97) -> 0 | U95: =SUM(U97:U97) -> 0 | V95: =J95/F95 -> #DIV/0!
B96: из них
B97: Развитие региональных информационных систем в целях интеграции с витриной данных органов государственной власти и органов управления государственными внебюджетными фондами | C97: 804 | D97: Администрация Томской области | E97: 20WЦ455440 | F97: =G97+H97+I97 -> 0 | G97: 0 | J97: =SUM(K97:M97) -> 0 | K97: 0 | N97: =O97+P97+Q97 -> 13253.8 | O97: 265.1 | P97: 12988.7 | R97: =S97+T97+U97 -> 0 | S97: 0 | V97: =J97/F97 -> #DIV/0!
A98: 5 | B98: Национальный проект "Экологическое благополучие" | C98: Х | D98: Х | E98: Х | F98: =G98+H98+I98 -> 1330.9 | G98: =G99 -> 0 | H98: =H99 -> 1330.9 | I98: =I99 -> 0 | J98: =K98+L98+M98 -> 1330.9 | K98: =K99 -> 0 | L98: =L99 -> 1330.9 | M98: =M99 -> 0 | N98: =O98+P98+Q98 -> 67518.3 | O98: =O99 -> 0 | P98: =P99 -> 67518.3 | Q98: =Q99 -> 0 | R98: =S98+T98+U98 -> 76976.9 | S98: =S99 -> 0 | T98: =T99 -> 76976.9 | U98: =U99 -> 0 | V98: =J98/F98 -> 1
A99: 5.1 | B99: Региональный проект "Сохранение лесов" | C99: Х | D99: Х | E99: Х | F99: =G99+H99+I99 -> 1330.9 | G99: =G104+G101+G102+G103 -> 0 | H99: =H104+H101+H102+H103 -> 1330.9 | I99: =I104+I101+I102+I103 -> 0 | J99: =K99+L99+M99 -> 1330.9 | K99: =K101+K104+K102+K103 -> 0 | L99: =L101+L104+L102+L103 -> 1330.9 | M99: =M101+M104+M102+M103 -> 0 | N99: =O99+P99+Q99 -> 67518.3 | O99: =O104+O101+O102+O103 -> 0 | P99: =P104+P101+P102+P103 -> 67518.3 | Q99: =Q104+Q101+Q102+Q103 -> 0 | R99: =S99+T99+U99 -> 76976.9 | S99: =S104+S101+S102+S103 -> 0 | T99: =T104+T101+T102+T103 -> 76976.9 | U99: =U104+U101+U102+U103 -> 0 | V99: =J99/F99 -> 1
B100: из них
B101: Создание и развитие (модернизация) объектов лесного семеноводства и питомнических хозяйств | C101: 838 | D101: Департамент лесного хозяйства Томской области | E101: 15WЧ650630 | F101: =G101+H101+I101 -> 0 | G101: 0 | H101: 0 | J101: =K101+L101+M101 -> 0 | L101: 0 | N101: =O101+P101+Q101 -> 5581 | O101: 0 | P101: 5581 | R101: =S101+T101+U101 -> 32243.7 | S101: 0 | T101: 32243.7 | V101: =J101/F101 -> #DIV/0!
B102: Реализация мероприятий по уходу за лесными культурами | C102: 838 | D102: Департамент лесного хозяйства Томской области | E102: 15WЧ650690 | F102: =G102+H102+I102 -> 0 | G102: 0 | H102: 0 | J102: =K102+L102+M102 -> 0 | N102: =O102+P102+Q102 -> 9559.2 | O102: 0 | P102: 9559.2 | R102: =S102+T102+U102 -> 6042.4 | S102: 0 | T102: 6042.4 | V102: =J102/F102 -> #DIV/0!
...

Sheet Лист4

Sheet Лист5

Sheet Лист6

Sheet Лист7

Sheet Лист2
A5: Информация о плановых ассигнованиях и кассовом исполнении расходов консолидированного бюджета Томской области на реализацию региональных проектов Томской области по состоянию на 30.12.2025 года
A8: № п/п | B8: Наименование | C8: Код ГРБС | D8: Наименование ГРБС | E8: Код целевой статьи областного бюджета | F8: 2025 год | N8: % исполнения
F9: Плановые ассигнования*, в том числе | J9: Кассовое исполнение, в том числе
F10: ИТОГО | G10: за счет средств областного бюджета | H10: за счет средств федерального бюджета | I10: за счет средств местных бюджетов** | J10: ИТОГО | K10: за счет средств областного бюджета | L10: за счет средств федерального бюджета | M10: за счет средств местных бюджетов**
A11: 1 | B11: 2 | C11: 3 | D11: 4 | E11: 5 | F11: 6 | G11: 7 | H11: 8 | I11: 9 | J11: 10 | K11: 11 | L11: 12 | M11: 13 | N11: 22
B12: ВСЕГО: | F12: =Лист1!F12/1000 -> 16912.6 | G12: =Лист1!G12/1000 -> 5655.8 | H12: =Лист1!H12/1000 -> 10626.5 | I12: =Лист1!I12/1000 -> 630.3 | J12: =Лист1!J12/1000 -> 16062.5 | K12: =Лист1!K12/1000 -> 5292.1 | L12: =Лист1!L12/1000 -> 10171.8 | M12: =Лист1!M12/1000 -> 598.6 | N12: =J12/F12 -> 0.95 | O12: =K12/G12*100 -> 93.57 | P12: =L12/H12*100 -> 95.72 | Q12: =M12/I12*100 -> 94.97
A13: 1 | B13: Национальный проект "Кадры" | C13: Х | D13: Х | E13: Х | F13: =Лист1!F13/1000 -> 430.5 | G13: =Лист1!G13/1000 -> 8.6 | H13: =Лист1!H13/1000 -> 421.9 | I13: =Лист1!I13/1000 -> 0 | J13: =Лист1!J13/1000 -> 430.5 | K13: =Лист1!K13/1000 -> 8.6 | L13: =Лист1!L13/1000 -> 421.9 | M13: =Лист1!M13/1000 -> 0 | N13: =J13/F13 -> 1
B14: из них | F14: =Лист1!F14/1000 -> 0 | G14: =Лист1!G14/1000 -> 0 | H14: =Лист1!H14/1000 -> 0 | I14: =Лист1!I14/1000 -> 0 | J14: =Лист1!J14/1000 -> 0 | K14: =Лист1!K14/1000 -> 0 | L14: =Лист1!L14/1000 -> 0 | M14: =Лист1!M14/1000 -> 0
A15: 1.1 | B15: Региональный проект "Управление рынком труда" | C15: Х | D15: Х | E15: Х | F15: =Лист1!F15/1000 -> 411 | G15: =Лист1!G15/1000 -> 8.2 | H15: =Лист1!H15/1000 -> 402.8 | I15: =Лист1!I15/1000 -> 0 | J15: =Лист1!J15/1000 -> 411 | K15: =Лист1!K15/1000 -> 8.2 | L15: =Лист1!L15/1000 -> 402.8 | M15: =Лист1!M15/1000 -> 0 | N15: =J15/F15 -> 1
A16: 1.2 | B16: Региональный проект "Образование для рынка труда" | F16: =Лист1!F18/1000 -> 7.7 | G16: =Лист1!G18/1000 -> 0.2 | H16: =Лист1!H18/1000 -> 7.5 | I16: =Лист1!I18/1000 -> 0 | J16: =Лист1!J18/1000 -> 7.7 | K16: =Лист1!K18/1000 -> 0.15 | L16: =Лист1!L18/1000 -> 7.52 | M16: =Лист1!M18/1000 -> 0 | N16: =J16/F16 -> 1
A17: 1.3 | B17: Региональный проект "Человек труда" | C17: Х | D17: Х | E17: Х | F17: =Лист1!F21/1000 -> 11.8 | G17: =Лист1!G21/1000 -> 0.2 | H17: =Лист1!H21/1000 -> 11.5 | I17: =Лист1!I21/1000 -> 0 | J17: =Лист1!J21/1000 -> 11.8 | K17: =Лист1!K21/1000 -> 0.2 | L17: =Лист1!L21/1000 -> 11.5 | M17: =Лист1!M21/1000 -> 0 | N17: =J17/F17 -> 1
A18: 2 | B18: Национальный проект "Продолжительная и активная жизнь" | C18: Х | D18: Х | E18: Х | F18: =Лист1!F24/1000 -> 2882.1 | G18: =Лист1!G24/1000 -> 1496.8 | H18: =Лист1!H24/1000 -> 1385.3 | I18: =Лист1!I24/1000 -> 0 | J18: =Лист1!J24/1000 -> 2610.3 | K18: =Лист1!K24/1000 -> 1353.7 | L18: =Лист1!L24/1000 -> 1256.6 | M18: =Лист1!M24/1000 -> 0 | N18: =J18/F18 -> 0.906 | O18: =K18/G18*100 -> 90.44 | P18: =L18/H18*100 -> 90.71 | Q18: =M18/I18*100 -> #DIV/0!
A19: 2.1 | B19: Региональный проект "Совершенствование экстренной медицинской помощи" | C19: Х | D19: Х | E19: Х | F19: =Лист1!F25/1000 -> 467.1 | G19: =Лист1!G25/1000 -> 342.7 | H19: =Лист1!H25/1000 -> 124.5 | I19: =Лист1!I25/1000 -> 0 | J19: =Лист1!J25/1000 -> 467.1 | K19: =Лист1!K25/1000 -> 342.7 | L19: =Лист1!L25/1000 -> 124.5 | M19: =Лист1!M25/1000 -> 0 | N19: =J19/F19 -> 1
A20: 2.2 | B20: Региональный проект "Борьба с сердечно-сосудистыми заболеваниями", всего | C20: Х | D20: Х | E20: Х | F20: =Лист1!F29/1000 -> 71.2 | G20: =Лист1!G29/1000 -> 1.4 | H20: =Лист1!H29/1000 -> 69.8 | I20: =Лист1!I29/1000 -> 0 | J20: =Лист1!J29/1000 -> 71.2 | K20: =Лист1!K29/1000 -> 1.4 | L20: =Лист1!L29/1000 -> 69.8 | M20: =Лист1!M29/1000 -> 0 | N20: =J20/F20 -> 1
A21: 2.3 | B21: Региональный проект "Борьба с гепатитом С и минимизация рисков распространения данного заболевания" | C21: Х | D21: Х | E21: Х | F21: =Лист1!F32/1000 -> 28.7 | G21: =Лист1!G32/1000 -> 0.6 | H21: =Лист1!H32/1000 -> 28.1 | I21: =Лист1!I32/1000 -> 0 | J21: =Лист1!J32/1000 -> 28.6 | K21: =Лист1!K32/1000 -> 0.6 | L21: =Лист1!L32/1000 -> 28 | M21: =Лист1!M32/1000 -> 0 | N21: =J21/F21 -> 0.997
A22: 2.4 | B22: Региональный проект "Борьба с сахарным диабетом" | C22: Х | D22: Х | E22: Х | F22: =Лист1!F35/1000 -> 48.6 | G22: =Лист1!G35/1000 -> 1 | H22: =Лист1!H35/1000 -> 47.6 | I22: =Лист1!I35/1000 -> 0 | J22: =Лист1!J35/1000 -> 48.6 | K22: =Лист1!K35/1000 -> 1 | L22: =Лист1!L35/1000 -> 47.6 | M22: =Лист1!M35/1000 -> 0 | N22: =J22/F22 -> 1
A23: 2.5 | B23: Региональный проект "Модернизация первичного звена здравоохранения Российской Федерации" | C23: Х | D23: Х | E23: Х | F23: =Лист1!F40/1000 -> 2239 | G23: =Лист1!G40/1000 -> 1150.6 | H23: =Лист1!H40/1000 -> 1088.4 | I23: =Лист1!I40/1000 -> 0 | J23: =Лист1!J40/1000 -> 1967.3 | K23: =Лист1!K40/1000 -> 1007.6 | L23: =Лист1!L40/1000 -> 959.8 | M23: =Лист1!M40/1000 -> 0 | N23: =J23/F23 -> 0.879
A24: 2.6 | B24: Региональный проект "Оптимальная для восстановления здоровья медицинская реабилитация" | C24: Х | D24: Х | E24: Х | F24: =Лист1!F55/1000 -> 25.7 | G24: =Лист1!G55/1000 -> 0.5 | H24: =Лист1!H55/1000 -> 25.2 | I24: =Лист1!I55/1000 -> 0 | J24: =Лист1!J55/1000 -> 25.7 | K24: =Лист1!K55/1000 -> 0.5 | L24: =Лист1!L55/1000 -> 25.2 | M24: =Лист1!M55/1000 -> 0 | N24: =J24/F24 -> 1
A25: 2.7 | B25: Региональный проект "Здоровье для каждого" | C25: Х | D25: Х | E25: Х | F25: =Лист1!F58/1000 -> 1.8 | G25: =Лист1!G58/1000 -> 0 | H25: =Лист1!H58/1000 -> 1.8 | I25: =Лист1!I58/1000 -> 0 | J25: =Лист1!J58/1000 -> 1.8 | K25: =Лист1!K58/1000 -> 0 | L25: =Лист1!L58/1000 -> 1.8 | M25: =Лист1!M58/1000 -> 0 | N25: =J25/F25 -> 1
A26: 2.8 | B26: Региональный проект "Борьба с онкологическими заболеваниями" | C26: Х | D26: Х | E26: Х | F26: =Лист1!F61/1000 -> 0 | G26: =Лист1!G61/1000 -> 0 | H26: =Лист1!H61/1000 -> 0 | I26: =Лист1!I61/1000 -> 0 | J26: =Лист1!J61/1000 -> 0 | K26: =Лист1!K61/1000 -> 0 | L26: =Лист1!L61/1000 -> 0 | M26: =Лист1!M61/1000 -> 0 | N26: =J26/F26 -> #DIV/0!
A27: 3 | B27: Национальный проект "Молодежь и дети" | C27: Х | D27: Х | E27: Х | F27: =Лист1!F64/1000 -> 5044 | G27: =Лист1!G64/1000 -> 951.2 | H27: =Лист1!H64/1000 -> 4063.8 | I27: =Лист1!I64/1000 -> 29.1 | J27: =Лист1!J64/1000 -> 4631.8 | K27: =Лист1!K64/1000 -> 760.9 | L27: =Лист1!L64/1000 -> 3848.8 | M27: =Лист1!M64/1000 -> 22.1 | N27: =J27/F27 -> 0.918 | O27: =L27/H27*100 -> 94.709385 | P27: =K27/G27*100 -> 79.993692 | Q27: =M27/I27*100 -> 75.945017
A28: 3.1 | B28: Региональный проект "Все лучшее детям" | C28: Х | D28: Х | E28: Х | F28: =Лист1!F65/1000 -> 3527.3 | G28: =Лист1!G65/1000 -> 879.8 | H28: =Лист1!H65/1000 -> 2630.4 | I28: =Лист1!I65/1000 -> 17.1 | J28: =Лист1!J65/1000 -> 3122.6 | K28: =Лист1!K65/1000 -> 689.5 | L28: =Лист1!L65/1000 -> 2417.1 | M28: =Лист1!M65/1000 -> 16.1 | N28: =J28/F28 -> 0.885 | P28: =M27/1000 -> 0.02
A29: 3.2 | B29: Региональный проект "Педагоги и наставники" | C29: Х | D29: Х | E29: Х | F29: =Лист1!F78/1000 -> 1342.1 | G29: =Лист1!G78/1000 -> 2.4 | H29: =Лист1!H78/1000 -> 1339.8 | I29: =Лист1!I78/1000 -> 0 | J29: =Лист1!J78/1000 -> 1340.5 | K29: =Лист1!K78/1000 -> 2.4 | L29: =Лист1!L78/1000 -> 1338.2 | M29: =Лист1!M78/1000 -> 0 | N29: =J29/F29 -> 0.999
A30: 3.3 | B30: Региональный проект "Россия - страна возможностей" | C30: Х | D30: Х | E30: Х | F30: =Лист1!F87/1000 -> 174.6 | G30: =Лист1!G87/1000 -> 69.1 | H30: =Лист1!H87/1000 -> 93.6 | I30: =Лист1!I87/1000 -> 11.9 | J30: =Лист1!J87/1000 -> 168.6 | K30: =Лист1!K87/1000 -> 69.1 | L30: =Лист1!L87/1000 -> 93.6 | M30: =Лист1!M87/1000 -> 5.9 | N30: =J30/F30 -> 0.966
A31: 4 | B31: Национальный проект "Экономика данных и цифровая трансформация государства" | C31: Х | D31: Х | E31: Х | F31: =Лист1!F91/1000 -> 0 | G31: =Лист1!G91/1000 -> 0 | H31: =Лист1!H91/1000 -> 0 | I31: =Лист1!I91/1000 -> 0 | J31: =Лист1!J91/1000 -> 0 | K31: =Лист1!K91/1000 -> 0 | L31: =Лист1!L91/1000 -> 0 | M31: =Лист1!M91/1000 -> 0 | N31: =J31/F31 -> #DIV/0!
A32: 4.1 | B32: Региональный проект "Цифровые платформы в отраслях социальной сферы" | C32: Х | D32: Х | E32: Х | F32: =Лист1!F92/1000 -> 0 | G32: =Лист1!G92/1000 -> 0 | H32: =Лист1!H92/1000 -> 0 | I32: =Лист1!I92/1000 -> 0 | J32: =Лист1!J92/1000 -> 0 | K32: =Лист1!K92/1000 -> 0 | L32: =Лист1!L92/1000 -> 0 | M32: =Лист1!M92/1000 -> 0 | N32: =J32/F32 -> #DIV/0!
A33: 4.2 | B33: Региональный проект "Цифровое государственное управление" | C33: Х | D33: Х | E33: Х | F33: =Лист1!F95/1000 -> 0 | G33: =Лист1!G95/1000 -> 0 | H33: =Лист1!H95/1000 -> 0 | I33: =Лист1!I95/1000 -> 0 | J33: =Лист1!J95/1000 -> 0 | K33: =Лист1!K95/1000 -> 0 | L33: =Лист1!L95/1000 -> 0 | M33: =Лист1!M95/1000 -> 0 | N33: =J33/F33 -> #DIV/0!
A34: 5 | B34: Национальный проект "Экологическое благополучие" | C34: Х | D34: Х | E34: Х | F34: =Лист1!F98/1000 -> 1.3 | G34: =Лист1!G98/1000 -> 0 | H34: =Лист1!H98/1000 -> 1.3 | I34: =Лист1!I98/1000 -> 0 | J34: =Лист1!J98/1000 -> 1.3 | K34: =Лист1!K98/1000 -> 0 | L34: =Лист1!L98/1000 -> 1.3 | M34: =Лист1!M98/1000 -> 0 | N34: =J34/F34 -> 1
A35: 5.1 | B35: Региональный проект "Сохранение лесов" | C35: Х | D35: Х | E35: Х | F35: =Лист1!F99/1000 -> 1.3 | G35: =Лист1!G99/1000 -> 0 | H35: =Лист1!H99/1000 -> 1.3 | I35: =Лист1!I99/1000 -> 0 | J35: =Лист1!J99/1000 -> 1.3 | K35: =Лист1!K99/1000 -> 0 | L35: =Лист1!L99/1000 -> 1.3 | M35: =Лист1!M99/1000 -> 0 | N35: =J35/F35 -> 1
A36: 6 | B36: Национальный проект "Инфраструктура для жизни" | C36: Х | D36: Х | E36: Х | F36: =Лист1!F105/1000 -> 7230.3 | G36: =Лист1!G105/1000 -> 2751.2 | H36: =Лист1!H105/1000 -> 3882.7 | I36: =Лист1!I105/1000 -> 596.3 | J36: =Лист1!J105/1000 -> 7071.1 | K36: =Лист1!K105/1000 -> 2724.6 | L36: =Лист1!L105/1000 -> 3774.5 | M36: =Лист1!M105/1000 -> 572.1 | N36: =J36/F36 -> 0.978
A37: 6.1 | B37: Региональный проект "Региональная и местная дорожная сеть" | C37: Х | D37: Х | E37: Х | F37: =Лист1!F106/1000 -> 5498 | G37: =Лист1!G106/1000 -> 2230 | H37: =Лист1!H106/1000 -> 2828.9 | I37: =Лист1!I106/1000 -> 439.1 | J37: =Лист1!J106/1000 -> 5476.4 | K37: =Лист1!K106/1000 -> 2217.2 | L37: =Лист1!L106/1000 -> 2828.9 | M37: =Лист1!M106/1000 -> 430.3 | N37: =J37/F37 -> 0.996
A38: 6.2 | B38: Федеральный проект "Жильё" | C38: Х | D38: Х | E38: Х | F38: =Лист1!F111/1000 -> 394.9 | G38: =Лист1!G111/1000 -> 71.3 | H38: =Лист1!H111/1000 -> 286.8 | I38: =Лист1!I111/1000 -> 36.7 | J38: =Лист1!J111/1000 -> 319.2 | K38: =Лист1!K111/1000 -> 62.7 | L38: =Лист1!L111/1000 -> 222.1 | M38: =Лист1!M111/1000 -> 34.3 | N38: =J38/F38 -> 0.808
A39: 6.3 | B39: Региональный проект "Формирование комфортной городской среды" | C39: Х | D39: Х | E39: Х | F39: =Лист1!F117/1000 -> 553.2 | G39: =Лист1!G117/1000 -> 7.4 | H39: =Лист1!H117/1000 -> 461.9 | I39: =Лист1!I117/1000 -> 83.9 | J39: =Лист1!J117/1000 -> 497.6 | K39: =Лист1!K117/1000 -> 6.6 | L39: =Лист1!L117/1000 -> 418.9 | M39: =Лист1!M117/1000 -> 72.1 | N39: =J39/F39 -> 0.899
A40: 6.4 | B40: Региональный проект "Общесистемные меры развития дорожного хозяйства" | C40: Х | D40: Х | E40: Х | F40: =Лист1!F121/1000 -> 87.1 | G40: =Лист1!G121/1000 -> 87.1 | H40: =Лист1!H121/1000 -> 0 | I40: =Лист1!I121/1000 -> 0 | J40: =Лист1!J121/1000 -> 86.6 | K40: =Лист1!K121/1000 -> 86.6 | L40: =Лист1!L121/1000 -> 0 | M40: =Лист1!M121/1000 -> 0 | N40: =J40/F40 -> 0.994
A41: 6.5 | B41: Региональный проект "Модернизация коммунальной инфраструктуры" | C41: Х | D41: Х | E41: Х | F41: =Лист1!F125/1000 -> 471.3 | G41: =Лист1!G125/1000 -> 129.6 | H41: =Лист1!H125/1000 -> 305.1 | I41: =Лист1!I125/1000 -> 36.6 | J41: =Лист1!J125/1000 -> 469.2 | K41: =Лист1!K125/1000 -> 129.3 | L41: =Лист1!L125/1000 -> 304.6 | M41: =Лист1!M125/1000 -> 35.3 | N41: =J41/F41 -> 0.996
A42: 6.6 | B42: Региональный проект "Безопасность дорожного движения" | C42: Х | D42: Х | E42: Х | F42: =Лист1!F129/1000 -> 225.8 | G42: =Лист1!G129/1000 -> 225.8 | H42: =Лист1!H129/1000 -> 0 | I42: =Лист1!I129/1000 -> 0 | J42: =Лист1!J129/1000 -> 222.2 | K42: =Лист1!K129/1000 -> 222.2 | L42: =Лист1!L129/1000 -> 0 | M42: =Лист1!M129/1000 -> 0 | N42: =J42/F42 -> 0.984
A43: 7 | B43: Национальный проект "Семья" | C43: Х | D43: Х | E43: Х | F43: =Лист1!F134/1000 -> 870.2 | G43: =Лист1!G134/1000 -> 83.9 | H43: =Лист1!H134/1000 -> 784.4 | I43: =Лист1!I134/1000 -> 1.9 | J43: =Лист1!J134/1000 -> 867.2 | K43: =Лист1!K134/1000 -> 83.6 | L43: =Лист1!L134/1000 -> 781.7 | M43: =Лист1!M134/1000 -> 1.9 | N43: =J43/F43 -> 0.997
A44: 7.1 | B44: Региональный проект "Охрана материнства и детства" | C44: Х | D44: Х | E44: Х | F44: =Лист1!F135/1000 -> 0 | G44: =Лист1!G135/1000 -> 0 | H44: =Лист1!H135/1000 -> 0 | I44: =Лист1!I135/1000 -> 0 | J44: =Лист1!J135/1000 -> 0 | K44: =Лист1!K135/1000 -> 0 | L44: =Лист1!L135/1000 -> 0 | M44: =Лист1!M135/1000 -> 0 | N44: =J44/F44 -> #DIV/0!
A45: 7.2 | B45: Региональный проект "Семейные ценности и инфраструктура культуры" | C45: Х | D45: Х | E45: Х | F45: =Лист1!F138/1000 -> 159.4 | G45: =Лист1!G138/1000 -> 36.1 | H45: =Лист1!H138/1000 -> 121.3 | I45: =Лист1!I138/1000 -> 1.9 | J45: =Лист1!J138/1000 -> 156.4 | K45: =Лист1!K138/1000 -> 35.8 | L45: =Лист1!L138/1000 -> 118.6 | M45: =Лист1!M138/1000 -> 1.9 | N45: =J45/F45 -> 0.981
A46: 7.3 | B46: Региональный проект "Многодетная семья" | C46: Х | D46: Х | E46: Х | F46: =Лист1!F153/1000 -> 539.8 | G46: =Лист1!G153/1000 -> 44.3 | H46: =Лист1!H153/1000 -> 495.5 | I46: =Лист1!I153/1000 -> 0 | J46: =Лист1!J153/1000 -> 539.8 | K46: =Лист1!K153/1000 -> 44.3 | L46: =Лист1!L153/1000 -> 495.5 | M46: =Лист1!M153/1000 -> 0 | N46: =J46/F46 -> 1
A47: 7.4 | B47: Региональный проект "Старшее поколение" | C47: Х | D47: Х | E47: Х | F47: =Лист1!F160/1000 -> 171 | G47: =Лист1!G160/1000 -> 3.4 | H47: =Лист1!H160/1000 -> 167.6 | I47: =Лист1!I160/1000 -> 0 | J47: =Лист1!J160/1000 -> 171 | K47: =Лист1!K160/1000 -> 3.4 | L47: =Лист1!L160/1000 -> 167.6 | M47: =Лист1!M160/1000 -> 0 | N47: =J47/F47 -> 1
A48: 7.5 | B48: Региональный проект "Поддержка семьи" | C48: Х | D48: Х | E48: Х | F48: =Лист1!F163/1000 -> 0 | G48: =Лист1!G163/1000 -> 0 | H48: =Лист1!H163/1000 -> 0 | I48: =Лист1!I163/1000 -> 0 | J48: =Лист1!J163/1000 -> 0 | K48: =Лист1!K163/1000 -> 0 | L48: =Лист1!L163/1000 -> 0 | M48: =Лист1!M163/1000 -> 0 | N48: =J48/F48 -> #DIV/0!
A49: 8 | B49: Национальный проект "Эффективная и конкурентная экономика" | C49: Х | D49: Х | E49: Х | F49: =Лист1!F167/1000 -> 49.1 | G49: =Лист1!G167/1000 -> 19.8 | H49: =Лист1!H167/1000 -> 29.3 | I49: =Лист1!I167/1000 -> 0 | J49: =Лист1!J167/1000 -> 49.1 | K49: =Лист1!K167/1000 -> 19.8 | L49: =Лист1!L167/1000 -> 29.3 | M49: =Лист1!M167/1000 -> 0 | N49: =J49/F49 -> 1
A50: 8.1 | B50: Региональный проект "Малое и среднее предпринимательство и поддержка индивидуальной предпринимательской инициативы" | C50: Х | D50: Х | E50: Х | F50: =Лист1!F168/1000 -> 23.3 | G50: =Лист1!G168/1000 -> 12.9 | H50: =Лист1!H168/1000 -> 10.3 | I50: =Лист1!I168/1000 -> 0 | J50: =Лист1!J168/1000 -> 23.3 | K50: =Лист1!K168/1000 -> 12.9 | L50: =Лист1!L168/1000 -> 10.3 | M50: =Лист1!M168/1000 -> 0 | N50: =J50/F50 -> 1
A51: 8.2 | B51: Региональный проект "Производительность труда" | C51: Х | D51: Х | E51: Х | F51: =Лист1!F172/1000 -> 25.8 | G51: =Лист1!G172/1000 -> 6.9 | H51: =Лист1!H172/1000 -> 19 | I51: =Лист1!I172/1000 -> 0 | J51: =Лист1!J172/1000 -> 25.8 | K51: =Лист1!K172/1000 -> 6.9 | L51: =Лист1!L172/1000 -> 19 | M51: =Лист1!M172/1000 -> 0 | N51: =J51/F51 -> 1
A52: 9 | B52: Национальный проект "Технологическое обеспечение продовольственной безопасности" | C52: Х | D52: Х | E52: Х | F52: =Лист1!F176/1000 -> 6.3 | G52: =Лист1!G176/1000 -> 0.9 | H52: =Лист1!H176/1000 -> 5.4 | I52: =Лист1!I176/1000 -> 0 | J52: =Лист1!J176/1000 -> 6.3 | K52: =Лист1!K176/1000 -> 0.9 | L52: =Лист1!L176/1000 -> 5.4 | M52: =Лист1!M176/1000 -> 0 | N52: =J52/F52 -> 1
A53: 9.1 | B53: Региональный проект "Кадры в агропромышленном комплексе" | C53: Х | D53: Х | E53: Х | F53: =Лист1!F177/1000 -> 6.3 | G53: =Лист1!G177/1000 -> 0.9 | H53: =Лист1!H177/1000 -> 5.4 | I53: =Лист1!I177/1000 -> 0 | J53: =Лист1!J177/1000 -> 6.3 | K53: =Лист1!K177/1000 -> 0.9 | L53: =Лист1!L177/1000 -> 5.4 | M53: =Лист1!M177/1000 -> 0 | N53: =J53/F53 -> 1
A54: 10 | B54: Национальный проект "Туризм и гостеприимство" | C54: Х | D54: Х | E54: Х | F54: =Лист1!F181/1000 -> 28.7 | G54: =Лист1!G181/1000 -> 0.9 | H54: =Лист1!H181/1000 -> 24.8 | I54: =Лист1!I181/1000 -> 3 | J54: =Лист1!J181/1000 -> 27.8 | K54: =Лист1!K181/1000 -> 0.5 | L54: =Лист1!L181/1000 -> 24.8 | M54: =Лист1!M181/1000 -> 2.5 | N54: =J54/F54 -> 0.969
A55: 10.1 | B55: Региональный проект "Создание номерного фонда, инфраструктуры и новых точек притяжения" | C55: Х | D55: Х | E55: Х | F55: =Лист1!F182/1000 -> 28.7 | G55: =Лист1!G182/1000 -> 0.9 | H55: =Лист1!H182/1000 -> 24.8 | I55: =Лист1!I182/1000 -> 3 | J55: =Лист1!J182/1000 -> 27.8 | K55: =Лист1!K182/1000 -> 0.5 | L55: =Лист1!L182/1000 -> 24.8 | M55: =Лист1!M182/1000 -> 2.5 | N55: =J55/F55 -> 0.969
A56: 11 | B56: Национальный проект "Беспилотные авиационные системы" | C56: Х | D56: Х | E56: Х | F56: =Лист1!F186/1000 -> 348.9 | G56: =Лист1!G186/1000 -> 342.1 | H56: =Лист1!H186/1000 -> 6.7 | I56: =Лист1!I186/1000 -> 0 | J56: =Лист1!J186/1000 -> 345.8 | K56: =Лист1!K186/1000 -> 339.1 | L56: =Лист1!L186/1000 -> 6.7 | M56: =Лист1!M186/1000 -> 0 | N56: =J56/F56 -> 0.991
A57: 11.1 | B57: Региональный проект "Разработка, стандартизация и серийное производство беспилотных авиационных систем и их комплектующих" | C57: Х | D57: Х | E57: Х | F57: =Лист1!F187/1000 -> 342.1 | G57: =Лист1!G187/1000 -> 342.1 | H57: =Лист1!H187/1000 -> 0 | I57: =Лист1!I187/1000 -> 0 | J57: =Лист1!J187/1000 -> 339.1 | K57: =Лист1!K187/1000 -> 339.1 | L57: =Лист1!L187/1000 -> 0 | M57: =Лист1!M187/1000 -> 0 | N57: =J57/F57 -> 0.991
A58: 11.2 | B58: Региональный проект "Стимулирование спроса на отечественные беспилотные авиационные системы" | C58: Х | D58: Х | E58: Х | F58: =Лист1!F191/1000 -> 6.7 | G58: =Лист1!G191/1000 -> 0 | H58: =Лист1!H191/1000 -> 6.7 | I58: =Лист1!I191/1000 -> 0 | J58: =Лист1!J191/1000 -> 6.7 | K58: =Лист1!K191/1000 -> 0 | L58: =Лист1!L191/1000 -> 6.7 | M58: =Лист1!M191/1000 -> 0 | N58: =J58/F58 -> 1
A59: 12 | B59: Национальный проект "Международная кооперация и экспорт" | C59: Х | D59: Х | E59: Х | F59: =Лист1!F194/1000 -> 21.2 | G59: =Лист1!G194/1000 -> 0.4 | H59: =Лист1!H194/1000 -> 20.8 | I59: =Лист1!I194/1000 -> 0 | J59: =Лист1!J194/1000 -> 21.2 | K59: =Лист1!K194/1000 -> 0.4 | L59: =Лист1!L194/1000 -> 20.8 | M59: =Лист1!M194/1000 -> 0 | N59: =J59/F59 -> 1
A60: 12.1 | B60: Региональный проект "Системные меры развития международной кооперации и экспорта" | C60: Х | D60: Х | E60: Х | F60: =Лист1!F195/1000 -> 21.2 | G60: =Лист1!G195/1000 -> 0.4 | H60: =Лист1!H195/1000 -> 20.8 | I60: =Лист1!I195/1000 -> 0 | J60: =Лист1!J195/1000 -> 21.2 | K60: =Лист1!K195/1000 -> 0.4 | L60: =Лист1!L195/1000 -> 20.8 | M60: =Лист1!M195/1000 -> 0 | N60: =J60/F60 -> 1

Sheet Лист3
A5: Оперативная информация о плановых ассигнованиях и кассовом исполнении расходов консолидированного бюджета Томской области на реализацию региональных проектов Томской области по состоянию на 01.01.2026 года
A8: № п/п | B8: Наименование национальных проектов | C8: 2025 год | H8: % исполнения
C9: Плановые ассигнования*, в том числе | G9: Кассовое исполнение, в том числе
C10: ИТОГО | D10: за счет средств областного бюджета | E10: за счет средств федерального бюджета | F10: за счет средств местных бюджетов
A11: 1 | B11: 2 | C11: 6 | D11: 7 | E11: 8 | F11: 9 | G11: 10 | H11: 22
B12: ВСЕГО: | C12: =Лист1!F12/1000 -> 16912.64 | D12: =Лист1!G12/1000 -> 5655.83 | E12: =Лист1!H12/1000 -> 10626.53 | F12: =Лист1!I12/1000 -> 630.28 | G12: =Лист1!J12/1000 -> 16062.46 | H12: =G12/C12 -> 0.95
A13: 6 | B13: Инфраструктура для жизни | C13: =Лист1!F105/1000 -> 7230.25 | D13: =Лист1!G105/1000 -> 2751.24 | E13: =Лист1!H105/1000 -> 3882.71 | F13: =Лист1!I105/1000 -> 596.3 | G13: =Лист1!J105/1000 -> 7071.12 | H13: =G13/C13 -> 0.978 | I13: =G13-C13 -> -159.13
A14: 3 | B14: Молодежь и дети | C14: =Лист1!F64/1000 -> 5044.05 | D14: =Лист1!G64/1000 -> 951.2 | E14: =Лист1!H64/1000 -> 4063.79 | F14: =Лист1!I64/1000 -> 29.06 | G14: =Лист1!J64/1000 -> 4631.8 | H14: =G14/C14 -> 0.918 | I14: =G14-C14 -> -412.25
A15: 2 | B15: Продолжительная и активная жизнь | C15: =Лист1!F24/1000 -> 2882.08 | D15: =Лист1!G24/1000 -> 1496.77 | E15: =Лист1!H24/1000 -> 1385.32 | F15: =Лист1!I24/1000 -> 0 | G15: =Лист1!J24/1000 -> 2610.33 | H15: =G15/C15 -> 0.906 | I15: =G15-C15 -> -271.75
A16: 7 | B16: Семья | C16: =Лист1!F134/1000 -> 870.25 | D16: =Лист1!G134/1000 -> 83.89 | E16: =Лист1!H134/1000 -> 784.43 | F16: =Лист1!I134/1000 -> 1.92 | G16: =Лист1!J134/1000 -> 867.2 | H16: =G16/C16 -> 0.996 | I16: =G16-C16 -> -3.05
A17: 1 | B17: Кадры | C17: =Лист1!F13/1000 -> 430.49 | D17: =Лист1!G13/1000 -> 8.61 | E17: =Лист1!H13/1000 -> 421.88 | F17: =Лист1!I13/1000 -> 0 | G17: =Лист1!J13/1000 -> 430.47 | H17: =G17/C17 -> 1 | I17: =G17-C17 -> -0.02
A18: 11 | B18: Беспилотные авиационные системы | C18: =Лист1!F186/1000 -> 348.86 | D18: =Лист1!G186/1000 -> 342.11 | E18: =Лист1!H186/1000 -> 6.75 | F18: =Лист1!I186/1000 -> 0 | G18: =Лист1!J186/1000 -> 345.81 | H18: =G18/C18 -> 0.991 | I18: =G18-C18 -> -3.05
A19: 8 | B19: Эффективная и конкурентная экономика | C19: =Лист1!F167/1000 -> 49.12 | D19: =Лист1!G167/1000 -> 19.82 | E19: =Лист1!H167/1000 -> 29.3 | F19: =Лист1!I167/1000 -> 0 | G19: =Лист1!J167/1000 -> 49.12 | H19: =G19/C19 -> 1 | I19: =G19-C19 -> 0
A20: 10 | B20: Туризм и гостеприимство | C20: =Лист1!F181/1000 -> 28.74 | D20: =Лист1!G181/1000 -> 0.9 | E20: =Лист1!H181/1000 -> 24.84 | F20: =Лист1!I181/1000 -> 3 | G20: =Лист1!J181/1000 -> 27.82 | H20: =G20/C20 -> 0.968 | I20: =G20-C20 -> -0.92
A21: 12 | B21: Международная кооперация и экспорт | C21: =Лист1!F194/1000 -> 21.21 | D21: =Лист1!G194/1000 -> 0.42 | E21: =Лист1!H194/1000 -> 20.78 | F21: =Лист1!I194/1000 -> 0 | G21: =Лист1!J194/1000 -> 21.21 | H21: =G21/C21 -> 1 | I21: =G21-C21 -> 0
A22: 9 | B22: Технологическое обеспечение продовольственной безопасности | C22: =Лист1!F176/1000 -> 6.26 | D22: =Лист1!G176/1000 -> 0.86 | E22: =Лист1!H176/1000 -> 5.4 | F22: =Лист1!I176/1000 -> 0 | G22: =Лист1!J176/1000 -> 6.26 | H22: =G22/C22 -> 1 | I22: =G22-C22 -> 0
A23: 5 | B23: Экологическое благополучие | C23: =Лист1!F98/1000 -> 1.33 | D23: =Лист1!G98/1000 -> 0 | E23: =Лист1!H98/1000 -> 1.33 | F23: =Лист1!I98/1000 -> 0 | G23: =Лист1!J98/1000 -> 1.33 | H23: =G23/C23 -> 1 | I23: =G23-C23 -> 0
A27: № п/п | B27: Наименование национальных проектов | C27: 2025 год | H27: % исполнения
C28: Плановые ассигнования, в том числе | G28: Кассовое исполнение
C29: ИТОГО | D29: за счет средств
D30: областного бюджета | E30: федерального бюджета | F30: местных бюджетов
A31: 1 | B31: 2 | C31: 6 | D31: 7 | E31: 8 | F31: 9 | G31: 10 | H31: 22
B32: ВСЕГО: | C32: =SUM(D32:F32) -> 16915.3 | D32: =SUM(D33:D43) -> 5655.8 | E32: =SUM(E33:E43) -> 10626.5 | F32: =SUM(F33:F43) -> 633 | G32: =SUM(G33:G43) -> 16062.4 | H32: =G32/C32 -> 0.95 | I32: =SUM(D32:F32) -> 16915.3 | J32: =I32-C32 -> 0 | K32: =G32/C32 -> 0.95 | L32: =K32-H32 -> 0
A33: 1 | B33: Инфраструктура для жизни | C33: 7232.9 | D33: 2751.2 | E33: 3882.7 | F33: 599 | G33: 7071.1 | H33: =G33/C33 -> 0.978 | I33: =SUM(D33:F33) -> 7232.9 | J33: =I33-C33 -> 0 | K33: =G33/C33 -> 0.978 | L33: =K33-H33 -> 0
A34: 2 | B34: Молодежь и дети | C34: =SUM(D34:F34) -> 5044.1 | D34: 951.2 | E34: 4063.8 | F34: 29.1 | G34: 4631.8 | H34: =G34/C34 -> 0.918 | I34: =SUM(D34:F34) -> 5044.1 | J34: =I34-C34 -> 0 | K34: =G34/C34 -> 0.918 | L34: =K34-H34 -> 0
A35: 3 | B35: Продолжительная и активная жизнь | C35: 2882.1 | D35: 1496.8 | E35: 1385.3 | F35: 0 | G35: 2610.3 | H35: =G35/C35 -> 0.906 | I35: =SUM(D35:F35) -> 2882.1 | J35: =I35-C35 -> 0 | K35: =G35/C35 -> 0.906 | L35: =K35-H35 -> 0
A36: 4 | B36: Семья | C36: 870.2 | D36: 83.9 | E36: 784.4 | F36: 1.9 | G36: 867.2 | H36: =G36/C36 -> 0.997 | I36: =SUM(D36:F36) -> 870.2 | J36: =I36-C36 -> 0 | K36: =G36/C36 -> 0.997 | L36: =K36-H36 -> 0
A37: 5 | B37: Кадры | C37: 430.5 | D37: 8.6 | E37: 421.9 | F37: 0 | G37: 430.5 | H37: =G37/C37 -> 1 | I37: =SUM(D37:F37) -> 430.5 | J37: =I37-C37 -> 0 | K37: =G37/C37 -> 1 | L37: =K37-H37 -> 0
A38: 6 | B38: Беспилотные авиационные системы | C38: 348.9 | D38: 342.1 | E38: 6.8 | F38: 0 | G38: 345.8 | H38: =G38/C38 -> 0.991 | I38: =SUM(D38:F38) -> 348.9 | J38: =I38-C38 -> 0 | K38: =G38/C38 -> 0.991 | L38: =K38-H38 -> 0
A39: 7 | B39: Эффективная и конкурентная экономика | C39: 49.1 | D39: 19.8 | E39: 29.3 | F39: 0 | G39: 49.1 | H39: =G39/C39 -> 1 | I39: =SUM(D39:F39) -> 49.1 | J39: =I39-C39 -> 0 | K39: =G39/C39 -> 1 | L39: =K39-H39 -> 0
A40: 8 | B40: Туризм и гостеприимство | C40: 28.7 | D40: 0.9 | E40: 24.8 | F40: 3 | G40: 27.8 | H40: =G40/C40 -> 0.969 | I40: =SUM(D40:F40) -> 28.7 | J40: =I40-C40 -> 0 | K40: =G40/C40 -> 0.969 | L40: =K40-H40 -> 0
A41: 9 | B41: Международная кооперация и экспорт | C41: 21.2 | D41: 0.4 | E41: 20.8 | F41: 0 | G41: 21.2 | H41: =G41/C41 -> 1 | I41: =SUM(D41:F41) -> 21.2 | J41: =I41-C41 -> 0 | K41: =G41/C41 -> 1 | L41: =K41-H41 -> 0
A42: 10 | B42: Технологическое обеспечение продовольственной безопасности | C42: 6.3 | D42: 0.9 | E42: 5.4 | F42: 0 | G42: 6.3 | H42: =G42/C42 -> 1 | I42: =SUM(D42:F42) -> 6.3 | J42: =I42-C42 -> 0 | K42: =G42/C42 -> 1 | L42: =K42-H42 -> 0
A43: 11 | B43: Экологическое благополучие | C43: 1.3 | D43: 0 | E43: 1.3 | F43: 0 | G43: 1.3 | H43: =G43/C43 -> 1 | I43: =SUM(D43:F43) -> 1.3 | J43: =I43-C43 -> 0 | K43: =G43/C43 -> 1 | L43: =K43-H43 -> 0
C45: =SUM(C33:C43)-C32 -> 0 | D45: =SUM(D33:D43)-D32 -> 0 | E45: =SUM(E33:E43)-E32 -> 0 | F45: =SUM(F33:F43)-F32 -> 0 | G45: =SUM(G33:G43)-G32 -> 0
